 Dungeon Crawl Stone Soup version 0.23.1 (webtiles) character file.

Game seed: 5476450795780145026

79 FunkyPutin the Sneak (level 4, -2/29 HPs)
             Began as an Octopode Assassin on Mar 4, 2019.
             Was an Initiate of Wu Jian.
             Slain by a goblin (3 damage)
             ... on level 2 of the Dungeon.
             The game lasted 00:06:54 (1546 turns).

FunkyPutin the Sneak (Octopode Assassin)            Turns: 1546, Time: 00:06:55

Health: -2/29      AC:  1    Str: 10    XL:     4   Next: 37%
Magic:  4/4        EV: 13    Int: 13    God:    Wu Jian [......]
Gold:   103        SH:  0    Dex: 14    Spells: 3/3 levels left

rFire    . . .     SeeInvis .   a - +2 dagger
rCold    . . .     Gourm    .   (no shield)
rNeg     . . .     Faith    .   (helmet restricted)
rPois    .         Spirit   .   (no amulet)
rElec    .         Reflect  .   n - ring of wizardry
rCorr    .         Harm     .   (no ring)
MR       .....                  (no ring)
Stlth    ++++......             (no ring)
HPRegen  0.09/turn              (no ring)
MPRegen  0.09/turn              (no ring)
                                (no ring)
                                (no ring)

@: lethally poisoned (-2 -> -5)
A: almost no armour, stealthy swim, amphibious, 8 rings, constrict 8, camouflage
1, gelatinous body 1
a: Renounce Religion


You were on level 2 of the Dungeon.
You worshipped Wu Jian.
Wu Jian was noncommittal.
You were not hungry.

You visited 1 branch of the dungeon, and saw 2 of its levels.

You collected 103 gold pieces.

Inventory:

Hand Weapons
 a - a +2 dagger (weapon)
 b - a +0 blowgun
Missiles
 c - 8 poisoned needles
 d - 8 curare-tipped needles
Jewellery
 g - an uncursed ring of ice
 n - a ring of wizardry (left tentacle)
Scrolls
 h - a scroll of immolation {unknown}
 i - a scroll of enchant armour {unknown}
 l - a scroll of fear {unknown}
 m - a scroll of identify {unknown}
 o - a scroll of amnesia {unknown}
Potions
 e - a potion of berserk rage {unknown}
 j - 2 potions of brilliance {unknown}
 k - a potion of curing {unknown}
Comestibles
 f - a ration


   Skills:
 + Level 2.1 Fighting
 * Level 2.9 Short Blades
 + Level 2.1 Throwing
 + Level 1.4 Dodging
 + Level 6.8 Stealth


You had 3 spell levels left.
You didn't know any spells.
Your spell library was empty.

Dungeon Overview and Level Annotations

Branches:
Dungeon (2/15)

Altars:
Okawaru
Ru
Sif Muna
Wu Jian


Innate Abilities, Weirdness & Mutations

You cannot wear most types of armour.
You are very stealthy in the water. (Stealth+)
You are amphibious.
You can wear up to eight rings at the same time.
You can use your tentacles to constrict eight enemies at once.
Your skin changes colour to match your surroundings (Stealth+).
Your rubbery body absorbs attacks. (AC +1, EV +1)


Message History

The Council accepts your kill.
You feel sick.
You feel sick.
You see here a frilled lizard corpse.
You butcher the frilled lizard corpse.
Things that are here:
a chunk of flesh; a frilled lizard skeleton You feel sick.
The goblin wields a +0 hunting sling.
The goblin shoots a stone.
The stone hits you.
Things that are here:
a stone; a chunk of flesh; a frilled lizard skeleton The goblin shoots a stone.
The stone hits you.
You see here a stone.
You feel sick.
The goblin shoots a stone.
The stone hits you!
* * * LOW HITPOINT WARNING * * *
You see here a stone.
The goblin shoots a stone.
The stone hits you but does no damage.
You see here a stone.
The goblin unwields a +0 hunting sling.
The goblin hits you.
You die...

######### #.......#
+...g...# #..@....#
.#..(....# #.#..(#......
#.###(#.##### ###
#.#<#.# # ..# #.#.#(#
..# #.#.#.# ##
..##########.#...#....
..'...................>.


You could see a goblin.

Vanquished Creatures
  3 adders (D:2)
  An ooze (D:1)
  2 dart slugs (D:1)
  4 bats
  3 giant cockroaches
  7 goblins
  6 hobgoblins
  4 jackals (D:1)
  3 frilled lizards
  4 kobolds
  4 rats
41 creatures vanquished.

Notes
Turn   | Place    | Note
-------+----------+-------------------------------------------
     0 | D:1      | FunkyPutin the Octopode Assassin began the quest for the
                  | Orb.
     0 | D:1      | Reached XP level 1. HP: 14/14 MP: 1/1
   468 | D:1      | Reached XP level 2. HP: 19/19 MP: 2/2
   496 | D:1      | Reached skill level 6 in Stealth
   635 | D:1      | Reached XP level 3. HP: 13/24 MP: 3/3
  1221 | D:2      | Found an iron altar of Okawaru.
  1277 | D:2      | Found a deep blue altar of Sif Muna.
  1279 | D:2      | Found an ornate altar of the Wu Jian Council.
  1292 | D:2      | Found an iron altar of Okawaru.
  1298 | D:2      | Became a worshipper of the Wu Jian Council
  1375 | D:2      | Found a sacrificial altar of Ru.
  1437 | D:2      | Reached XP level 4. HP: 28/29 MP: 4/4
  1544 | D:2      | HP: 1/29 [goblin/stone (9)]
  1546 | D:2      | Slain by a goblin

Skill      XL: |  1  2 |
---------------+-------+-----
Stealth        | 6 |  6.8
Fighting       | |  2.1
Short Blades   | |  2.9
Throwing       | |  2.1
Dodging        | |  1.4

Action                   |  1- 3 |  4- 6 || total
-------------------------+-------+-------++-------
Melee: Dagger            |    76 |    12 ||    88
       Constrict         |    16 |     3 ||    19
       Tentacles         |    14 |     1 ||    15
 Fire: Blowgun           |     3 |       ||     3
Invok: Lunge             |     4 |       ||     4
 Stab: Sleeping          |     3 |     3 ||     6
  Eat: Ration            |     1 |       ||     1
Armor: Skin              |     8 |     1 ||     9
Dodge: Dodged            |    61 |    10 ||    71
